[ AOE2 MATCH · #466313407 ]
UnrankedBritons vs Saracens
[ REPLAY ANALYSIS · EXTRACTED FROM THE RECORDED GAME ]
Feudal
13:45
Castle
18:12
Imperial
31:54
| APM avg | 23.0 |
| APM peak | 72 |
| eAPM avg | 16.5 |
| Villagers / military | 148 / 402 |
Focus
⚔️ 40.6% · 🌾 59.4%
Longbowman ×130 · Scout Cavalry ×116 · Knight ×106 · Skirmisher ×30 · Trebuchet (Packed) ×16 · Trade Cart ×8
Feudal
15:55
Castle
21:48
Imperial
36:27
| APM avg | 22.1 |
| APM peak | 54 |
| eAPM avg | 15.0 |
| Villagers / military | 140 / 182 |
Focus
⚔️ 35.3% · 🌾 64.7%
Scout Cavalry ×88 · Mameluke ×77 · Bombard Cannon ×9 · Trebuchet (Packed) ×6 · Mangonel ×2
Feudal
15:30
Castle
21:05
Imperial
34:56
| APM avg | 11.9 |
| APM peak | 27 |
| eAPM avg | 9.5 |
| Villagers / military | 111 / 250 |
Focus
⚔️ 28.9% · 🌾 71.1%
Skirmisher ×86 · Knight ×65 · Bombard Cannon ×43 · Spearman ×40 · Trade Cart ×14 · Hussite Wagon ×13
Feudal
—
Castle
—
Imperial
—
| APM avg | 9.4 |
| APM peak | 20 |
| eAPM avg | 7.6 |
| Villagers / military | 97 / 158 |
Focus
⚔️ 30.0% · 🌾 70.0%
Skirmisher ×51 · Scout Cavalry ×38 · Knight ×36 · Archer ×25 · Spearman ×3 · Trade Cart ×3
Match map
Initial resources + every placement click. Lines = walls · curves = elevation contours. ◆ gold · ⬟ stone · ● berries · ✦ relic · ◌ wall gap
Your base· ✓ Closed at 18:12 · 35t walls · 2 gate(s)
Miguel Angel's base· ✓ Closed at 21:48 · 14t walls · no gate
Juan Villegas's base· ✓ Closed at 21:05 · 23t walls · no gate
Ous9121's base· ✓ Closed at 18:49 · 21t walls · no gate
Smoothed initial terrain · ◌ = detected wall gap · hover for details
Inputs per minute
— zug0 - - Miguel Angel
Build order — zug0
First 150 of 568 actions detected
| 0:04 | Build | House |
| 0:06 | Build | House |
| 0:06 | Create | Villager (Male) |
| 0:07 | Research | Loom |
| 0:08 | Create | Villager (Male) |
| 0:08 | Create | Villager (Male) |
| 0:08 | Create | Villager (Male) |
| 0:09 | Create | Villager (Male) |
| 1:15 | Build | Palisade Wall |
| 2:07 | Build | Palisade Wall |
| 2:15 | Create | Villager (Male) |
| 2:15 | Create | Villager (Male) |
| 2:15 | Create | Villager (Male) |
| 3:04 | Build | Lumber Camp |
| 3:23 | Create | Villager (Male) |
| 3:23 | Create | Villager (Male) |
| 3:24 | Create | Villager (Male) |
| 4:06 | Create | Villager (Male) |
| 4:17 | Create | Villager (Male) |
| 4:17 | Create | Villager (Male) |
| 4:18 | Create | Villager (Male) |
| 4:50 | Create | Villager (Male) |
| 5:17 | Create | Villager (Male) |
| 5:17 | Create | Villager (Male) |
| 5:35 | Build | House |
| 6:25 | Create | Villager (Male) |
| 6:25 | Create | Villager (Male) |
| 7:04 | Create | Villager (Male) |
| 7:04 | Create | Villager (Male) |
| 7:05 | Create | Villager (Male) |
| 7:05 | Create | Villager (Male) |
| 7:05 | Create | Villager (Male) |
| 7:13 | Build | Mill |
| 7:43 | Create | Villager (Male) |
| 7:44 | Create | Villager (Male) |
| 7:45 | Create | Villager (Male) |
| 7:45 | Create | Villager (Male) |
| 7:49 | Build | House |
| 9:06 | Build | Mill |
| 9:36 | Create | Villager (Male) |
| 9:39 | Build | House |
| 9:53 | Research | Feudal Age |
| 10:43 | Build | Mining Camp |
| 11:52 | Build | Mining Camp |
| 12:42 | Create | Villager (Male) |
| 12:43 | Create | Villager (Male) |
| 12:57 | Build | House |
| 13:11 | Build | Palisade Wall |
| 13:45 | Age | Feudal Age |
| 13:57 | Build | Market |
| 14:06 | Build | Blacksmith |
| 14:18 | Create | Villager (Male) |
| 14:36 | Build | Farm |
| 14:36 | Build | Farm |
| 15:05 | Build | Stone Wall |
| 15:09 | Build | Gate |
| 15:23 | Build | Stone Wall |
| 15:26 | Build | Gate |
| 15:30 | Create | Villager (Male) |
| 15:31 | Research | Castle Age |
| 15:39 | Build | Farm |
| 15:39 | Build | Farm |
| 15:40 | Build | Farm |
| 16:07 | Build | Farm |
| 16:07 | Build | Farm |
| 16:20 | Build | Farm |
| 16:21 | Build | Farm |
| 16:27 | Research | Double-Bit Axe |
| 17:36 | Research | Horse Collar |
| 17:42 | Create | Villager (Male) |
| 17:42 | Create | Villager (Male) |
| 18:12 | Age | Castle Age |
| 18:15 | Build | Town Center |
| 18:23 | Build | Town Center |
| 18:26 | Research | Bow Saw |
| 18:29 | Create | Villager (Male) |
| 18:29 | Create | Villager (Male) |
| 18:47 | Create | Villager (Male) |
| 19:28 | Build | House |
| 19:34 | Research | Wheelbarrow |
| 19:38 | Create | Villager (Male) |
| 19:46 | Create | Villager (Male) |
| 20:07 | Create | Villager (Male) |
| 20:15 | Research | Town Watch |
| 20:15 | Create | Villager (Male) |
| 20:24 | Build | Farm |
| 20:24 | Build | Farm |
| 20:25 | Build | Farm |
| 20:46 | Build | Castle |
| 21:04 | Build | Stone Wall |
| 21:07 | Build | Gate |
| 21:23 | Build | Barracks |
| 21:27 | Research | Heavy Plow |
| 21:28 | Create | Villager (Male) |
| 21:29 | Create | Villager (Male) |
| 21:36 | Build | Farm |
| 21:36 | Build | Farm |
| 21:37 | Build | Farm |
| 21:38 | Create | Villager (Male) |
| 21:39 | Create | Villager (Male) |
| 21:40 | Create | Villager (Male) |
| 21:40 | Create | Villager (Male) |
| 21:45 | Build | Farm |
| 21:54 | Create | Villager (Male) |
| 21:54 | Create | Villager (Male) |
| 22:11 | Create | Villager (Male) |
| 22:12 | Create | Villager (Male) |
| 22:17 | Build | Farm |
| 22:18 | Build | Farm |
| 22:22 | Create | Villager (Male) |
| 22:22 | Create | Villager (Male) |
| 22:51 | Create | Villager (Male) |
| 22:51 | Create | Villager (Male) |
| 22:51 | Create | Villager (Male) |
| 22:51 | Create | Villager (Male) |
| 22:56 | Build | Farm |
| 22:56 | Build | Farm |
| 23:05 | Build | Farm |
| 23:12 | Build | Farm |
| 23:12 | Build | Farm |
| 23:14 | Create | Villager (Male) |
| 23:15 | Create | Villager (Male) |
| 23:15 | Create | Villager (Male) |
| 23:15 | Create | Villager (Male) |
| 23:50 | Create | Villager (Male) |
| 23:51 | Create | Villager (Male) |
| 23:51 | Create | Villager (Male) |
| 23:51 | Create | Villager (Male) |
| 23:52 | Create | Villager (Male) |
| 23:57 | Build | Farm |
| 23:57 | Build | Farm |
| 24:05 | Build | Farm |
| 24:12 | Create | Villager (Male) |
| 24:23 | Build | Farm |
| 24:27 | Build | Farm |
| 24:29 | Create | Villager (Male) |
| 24:29 | Create | Villager (Male) |
| 24:29 | Create | Villager (Male) |
| 24:30 | Create | Villager (Male) |
| 24:30 | Create | Villager (Male) |
| 24:30 | Create | Villager (Male) |
| 24:35 | Build | House |
| 24:36 | Build | House |
| 24:41 | Build | House |
| 24:45 | Build | House |
| 24:49 | Build | House |
| 24:50 | Build | House |
| 24:54 | Build | House |
| 24:55 | Build | House |
| 25:06 | Create | Villager (Male) |
Build order — Miguel Angel
First 150 of 518 actions detected
| 0:02 | Create | Villager (Male) ×4 |
| 0:05 | Build | House |
| 0:08 | Build | House |
| 0:43 | Research | Loom |
| 0:44 | Create | Villager (Male) ×2 |
| 2:02 | Build | Palisade Wall |
| 2:18 | Build | Palisade Wall |
| 2:35 | Create | Villager (Male) |
| 2:36 | Create | Villager (Male) |
| 3:11 | Build | House |
| 3:34 | Build | House |
| 3:40 | Create | Villager (Male) |
| 3:40 | Create | Villager (Male) |
| 3:41 | Create | Villager (Male) |
| 4:31 | Create | Villager (Male) |
| 4:31 | Create | Villager (Male) |
| 5:07 | Create | Villager (Male) |
| 5:07 | Create | Villager (Male) |
| 6:12 | Create | Villager (Male) |
| 6:12 | Create | Villager (Male) |
| 6:12 | Create | Villager (Male) |
| 6:13 | Create | Villager (Male) |
| 7:15 | Create | Villager (Male) |
| 7:16 | Create | Villager (Male) |
| 7:42 | Create | Villager (Male) |
| 7:43 | Create | Villager (Male) |
| 9:27 | Create | Villager (Male) |
| 9:27 | Create | Villager (Male) |
| 9:27 | Create | Villager (Male) |
| 9:27 | Create | Villager (Male) |
| 10:31 | Build | Lumber Camp |
| 10:59 | Create | Villager (Male) |
| 10:59 | Create | Villager (Male) |
| 11:16 | Create | Villager (Male) |
| 11:20 | Build | House |
| 12:09 | Create | Villager (Male) |
| 12:09 | Create | Villager (Male) |
| 12:30 | Create | Villager (Male) |
| 12:44 | Build | Mill |
| 13:32 | Build | House |
| 13:45 | Research | Feudal Age |
| 13:52 | Build | Mining Camp |
| 14:10 | Build | Mill |
| 14:43 | Build | House |
| 14:48 | Build | House |
| 14:52 | Build | Palisade Wall |
| 15:39 | Build | House |
| 15:55 | Age | Feudal Age |
| 15:59 | Create | Villager (Male) |
| 16:00 | Create | Villager (Male) |
| 16:20 | Build | Mining Camp |
| 16:29 | Create | Villager (Male) |
| 16:51 | Build | Market |
| 17:02 | Build | Market |
| 17:05 | Build | Palisade Wall |
| 17:08 | Build | Palisade Wall |
| 17:21 | Create | Villager (Male) |
| 17:39 | Create | Villager (Male) |
| 17:45 | Research | Double-Bit Axe |
| 18:22 | Build | Blacksmith |
| 18:30 | Build | Farm |
| 18:31 | Build | Farm |
| 18:33 | Build | Farm |
| 19:08 | Research | Castle Age |
| 19:21 | Build | House |
| 19:23 | Build | House |
| 19:24 | Build | House |
| 19:26 | Build | House |
| 19:43 | Research | Horse Collar |
| 20:02 | Build | Farm |
| 20:03 | Build | Farm |
| 20:04 | Build | Farm |
| 20:07 | Build | Farm |
| 20:13 | Build | Farm |
| 20:14 | Build | Farm |
| 20:15 | Build | Farm |
| 20:17 | Build | Farm |
| 20:19 | Build | Farm |
| 20:27 | Build | Farm |
| 20:33 | Research | Wheelbarrow |
| 21:48 | Age | Castle Age |
| 22:02 | Build | Town Center |
| 22:20 | Build | Town Center |
| 22:53 | Build | Castle |
| 23:17 | Build | Palisade Wall |
| 23:35 | Create | Villager (Male) |
| 23:36 | Create | Villager (Male) |
| 23:37 | Create | Villager (Male) |
| 23:56 | Build | Mining Camp |
| 24:07 | Create | Villager (Male) |
| 24:08 | Create | Villager (Male) |
| 24:20 | Create | Mameluke |
| 24:28 | Research | Fletching |
| 24:35 | Research | Forging |
| 24:51 | Create | Villager (Male) |
| 24:54 | Create | Villager (Male) |
| 24:58 | Research | Bow Saw |
| 25:02 | Create | Mameluke |
| 25:02 | Create | Mameluke |
| 25:20 | Create | Villager (Male) |
| 25:24 | Build | Farm |
| 25:26 | Build | Farm |
| 25:29 | Create | Villager (Male) |
| 25:31 | Create | Villager (Male) |
| 25:34 | Create | Villager (Male) |
| 25:34 | Create | Villager (Male) |
| 25:43 | Create | Mameluke |
| 25:44 | Create | Mameluke |
| 25:44 | Create | Mameluke |
| 26:00 | Build | Barracks |
| 26:03 | Create | Villager (Male) |
| 26:11 | Create | Mameluke |
| 26:11 | Create | Mameluke |
| 26:29 | Create | Villager (Male) |
| 26:33 | Build | Farm |
| 26:33 | Build | Farm |
| 26:35 | Build | Farm |
| 26:36 | Create | Villager (Male) |
| 26:39 | Create | Villager (Male) |
| 26:44 | Build | Town Center |
| 26:47 | Create | Villager (Male) |
| 26:49 | Create | Villager (Male) |
| 26:49 | Create | Villager (Male) |
| 26:50 | Create | Villager (Male) |
| 26:59 | Build | Stable |
| 27:02 | Create | Villager (Male) |
| 27:09 | Create | Mameluke |
| 27:09 | Create | Mameluke |
| 27:22 | Build | Outpost |
| 27:33 | Create | Villager (Male) |
| 27:33 | Create | Villager (Male) |
| 27:33 | Create | Villager (Male) |
| 27:34 | Create | Villager (Male) |
| 27:45 | Research | Town Watch |
| 27:49 | Create | Villager (Male) |
| 27:51 | Create | Villager (Male) |
| 28:18 | Build | Siege Workshop |
| 28:25 | Create | Mameluke |
| 28:25 | Create | Mameluke |
| 28:30 | Create | Villager (Male) |
| 28:30 | Create | Villager (Male) |
| 28:33 | Create | Villager (Male) |
| 28:33 | Create | Villager (Male) |
| 28:34 | Create | Villager (Male) |
| 28:34 | Create | Villager (Male) |
| 29:08 | Build | Mining Camp |
| 29:15 | Create | Mameluke |
| 29:19 | Research | Husbandry |
| 29:26 | Research | Iron Casting |
| 29:36 | Build | Farm |
Build order — Juan Villegas
First 150 of 363 actions detected
| 0:02 | Create | Villager (Male) |
| 0:03 | Create | Villager (Male) |
| 0:03 | Create | Villager (Male) |
| 0:03 | Create | Villager (Male) |
| 0:09 | Build | House |
| 0:38 | Research | Loom |
| 0:57 | Build | Palisade Wall |
| 1:02 | Create | Villager (Male) |
| 1:03 | Create | Villager (Male) |
| 2:30 | Create | Villager (Male) |
| 2:31 | Create | Villager (Male) |
| 2:31 | Create | Villager (Male) |
| 3:06 | Create | Villager (Male) |
| 3:33 | Build | House |
| 3:35 | Create | Villager (Male) |
| 4:07 | Build | House |
| 4:24 | Create | Villager (Male) |
| 4:24 | Create | Villager (Male) |
| 4:24 | Create | Villager (Male) |
| 4:58 | Create | Villager (Male) |
| 5:04 | Build | House |
| 5:08 | Build | House |
| 5:13 | Build | House |
| 5:14 | Build | House |
| 5:29 | Create | Villager (Male) |
| 5:30 | Create | Villager (Male) |
| 6:01 | Create | Villager (Male) |
| 6:23 | Create | Villager (Male) |
| 6:40 | Create | Villager (Male) |
| 6:44 | Build | House |
| 7:37 | Create | Villager (Male) |
| 7:42 | Build | House |
| 7:47 | Build | House |
| 8:31 | Create | Villager (Male) |
| 8:31 | Create | Villager (Male) |
| 8:31 | Create | Villager (Male) |
| 8:31 | Create | Villager (Male) |
| 8:40 | Build | Lumber Camp |
| 8:43 | Create | Villager (Male) |
| 9:04 | Create | Villager (Male) |
| 9:05 | Create | Villager (Male) |
| 10:13 | Build | Mill |
| 10:32 | Build | Mining Camp |
| 11:14 | Build | Mill |
| 11:17 | Create | Villager (Male) |
| 11:19 | Create | Villager (Male) |
| 11:56 | Create | Villager (Male) |
| 12:29 | Create | Villager (Male) |
| 13:20 | Research | Feudal Age |
| 15:06 | Create | Villager (Male) |
| 15:16 | Create | Villager (Male) |
| 15:30 | Age | Feudal Age |
| 15:38 | Build | Farm |
| 15:40 | Build | Farm |
| 15:42 | Build | Farm |
| 15:58 | Build | Farm |
| 16:07 | Create | Villager (Male) |
| 16:18 | Build | Farm |
| 16:23 | Build | Farm |
| 16:27 | Build | Farm |
| 16:42 | Create | Villager (Male) |
| 16:58 | Create | Villager (Male) |
| 17:25 | Create | Villager (Male) |
| 17:31 | Build | Blacksmith |
| 17:39 | Build | Market |
| 17:49 | Create | Villager (Male) |
| 18:04 | Build | Mining Camp |
| 18:23 | Research | Castle Age |
| 20:30 | Research | Double-Bit Axe |
| 20:33 | Research | Horse Collar |
| 20:43 | Research | Wheelbarrow |
| 20:44 | Create | Villager (Male) |
| 20:44 | Create | Villager (Male) |
| 21:05 | Age | Castle Age |
| 21:11 | Build | Town Center |
| 21:17 | Build | Town Center |
| 21:30 | Build | Farm |
| 21:31 | Build | Farm |
| 21:33 | Build | Farm |
| 21:35 | Build | Farm |
| 21:37 | Build | Farm |
| 21:38 | Build | Farm |
| 21:40 | Build | Farm |
| 21:42 | Build | Farm |
| 21:44 | Build | Farm |
| 22:02 | Build | Town Center |
| 22:06 | Create | Villager (Male) |
| 22:13 | Research | Heavy Plow |
| 22:14 | Research | Bow Saw |
| 22:21 | Research | Hand Cart |
| 22:27 | Research | Town Watch |
| 22:49 | Build | Barracks |
| 22:59 | Create | Villager (Male) |
| 23:04 | Create | Villager (Male) |
| 23:08 | Create | Villager (Male) |
| 23:20 | Create | Villager (Male) |
| 23:46 | Build | Farm |
| 23:54 | Build | Farm |
| 23:57 | Create | Villager (Male) |
| 23:58 | Create | Villager (Male) |
| 23:59 | Create | Villager (Male) |
| 24:01 | Create | Villager (Male) |
| 24:02 | Create | Villager (Male) |
| 24:03 | Create | Villager (Male) |
| 24:20 | Build | Archery Range |
| 24:23 | Create | Villager (Male) |
| 24:24 | Create | Villager (Male) |
| 24:29 | Build | Farm |
| 24:31 | Create | Villager (Male) |
| 24:45 | Create | Villager (Male) |
| 24:59 | Build | Farm |
| 25:00 | Build | Farm |
| 25:10 | Create | Archer |
| 25:11 | Create | Archer |
| 25:31 | Build | Stone Wall |
| 25:39 | Build | Stone Wall |
| 25:43 | Build | Farm |
| 25:44 | Create | Villager (Male) |
| 25:44 | Create | Villager (Male) |
| 25:45 | Create | Villager (Male) |
| 25:46 | Create | Villager (Male) |
| 25:47 | Create | Villager (Male) |
| 25:47 | Create | Villager (Male) |
| 25:48 | Create | Villager (Male) |
| 25:48 | Create | Villager (Male) |
| 25:59 | Build | House |
| 26:02 | Build | House |
| 26:07 | Build | House |
| 26:08 | Build | House |
| 26:09 | Build | House |
| 26:11 | Build | House |
| 26:14 | Create | Villager (Male) |
| 26:15 | Create | Villager (Male) |
| 26:17 | Create | Villager (Male) |
| 26:23 | Build | Farm |
| 26:24 | Build | Farm |
| 27:00 | Build | Gate |
| 27:04 | Create | Villager (Male) |
| 27:04 | Create | Villager (Male) |
| 27:05 | Create | Villager (Male) |
| 27:05 | Create | Villager (Male) |
| 27:06 | Create | Villager (Male) |
| 27:07 | Create | Villager (Male) |
| 27:08 | Create | Villager (Male) |
| 27:08 | Create | Villager (Male) |
| 27:09 | Create | Villager (Male) |
| 27:09 | Create | Villager (Male) |
| 27:24 | Build | Mill |
| 27:27 | Build | Farm |
| 27:30 | Build | Farm |
Build order — Ous9121
First 150 of 276 actions detected
| 0:08 | Build | House |
| 0:13 | Research | Loom |
| 0:13 | Create | Villager (Male) |
| 0:14 | Create | Villager (Male) |
| 0:14 | Create | Villager (Male) |
| 0:14 | Create | Villager (Male) |
| 0:37 | Build | House |
| 1:59 | Build | Palisade Wall |
| 2:51 | Create | Villager (Male) |
| 3:23 | Build | Palisade Wall |
| 3:52 | Build | Palisade Wall |
| 4:33 | Build | Palisade Wall |
| 4:49 | Build | Palisade Wall |
| 4:57 | Create | Villager (Male) |
| 5:34 | Create | Villager (Male) |
| 6:03 | Create | Villager (Male) |
| 7:15 | Create | Villager (Male) |
| 7:16 | Create | Villager (Male) |
| 7:16 | Create | Villager (Male) |
| 7:38 | Create | Villager (Male) |
| 7:50 | Create | Villager (Male) |
| 8:20 | Build | House |
| 8:31 | Create | Villager (Male) |
| 8:47 | Create | Villager (Male) |
| 8:48 | Create | Villager (Male) |
| 8:49 | Create | Villager (Male) |
| 9:22 | Create | Villager (Male) |
| 10:39 | Build | Mill |
| 11:13 | Build | Lumber Camp |
| 12:07 | Research | Feudal Age |
| 12:56 | Build | Barracks |
| 13:31 | Create | Villager (Male) |
| 13:32 | Create | Villager (Male) |
| 13:32 | Create | Villager (Male) |
| 13:33 | Create | Villager (Male) |
| 14:00 | Build | Mining Camp |
| 14:34 | Build | Stable |
| 14:49 | Build | Blacksmith |
| 15:01 | Build | House |
| 16:28 | Build | Market |
| 18:49 | Research | Castle Age |
| 19:11 | Build | House |
| 19:15 | Build | House |
| 19:16 | Build | House |
| 19:17 | Build | House |
| 19:37 | Create | Scout Cavalry |
| 20:33 | Create | Trade Cart |
| 21:00 | Research | Double-Bit Axe |
| 21:31 | Build | Town Center |
| 21:46 | Build | Town Center |
| 21:53 | Build | Farm |
| 21:53 | Build | Farm |
| 22:11 | Create | Villager (Male) |
| 22:12 | Create | Villager (Male) |
| 22:12 | Create | Villager (Male) |
| 23:54 | Build | Palisade Wall |
| 24:04 | Build | Stone Wall |
| 24:16 | Build | Mining Camp |
| 24:50 | Build | Farm |
| 24:50 | Build | Farm |
| 24:51 | Build | Farm |
| 24:59 | Build | Farm |
| 25:00 | Build | Farm |
| 25:00 | Build | Farm |
| 25:01 | Build | Farm |
| 25:02 | Build | Farm |
| 25:03 | Build | Farm |
| 25:13 | Create | Villager (Male) |
| 25:47 | Build | Siege Workshop |
| 26:07 | Create | Villager (Male) |
| 26:11 | Build | Farm |
| 26:15 | Create | Villager (Male) |
| 26:21 | Create | Battering Ram |
| 26:47 | Create | Spearman |
| 26:49 | Create | Spearman |
| 26:51 | Create | Spearman |
| 27:05 | Create | Villager (Male) |
| 27:40 | Build | Farm |
| 27:49 | Build | Farm |
| 27:51 | Build | Farm |
| 28:05 | Create | Scout Cavalry |
| 28:06 | Create | Scout Cavalry |
| 28:13 | Create | Villager (Male) |
| 29:16 | Create | Villager (Male) |
| 29:16 | Create | Villager (Male) |
| 29:19 | Create | Villager (Male) |
| 29:20 | Create | Villager (Male) |
| 29:23 | Create | Villager (Male) |
| 29:24 | Create | Villager (Male) |
| 29:45 | Build | Gate |
| 29:52 | Build | Stone Wall |
| 29:54 | Build | Stone Wall |
| 30:14 | Create | Villager (Male) |
| 30:19 | Create | Villager (Male) |
| 30:21 | Create | Villager (Male) |
| 30:22 | Create | Villager (Male) |
| 30:25 | Create | Villager (Male) |
| 30:40 | Build | Stone Wall |
| 30:47 | Create | Villager (Male) |
| 31:37 | Build | Town Center |
| 31:57 | Build | Stone Wall |
| 32:07 | Build | Stone Wall |
| 32:58 | Create | Villager (Male) |
| 32:58 | Create | Villager (Male) |
| 33:03 | Create | Villager (Male) |
| 33:03 | Create | Villager (Male) |
| 33:04 | Create | Villager (Male) |
| 33:11 | Create | Villager (Male) |
| 33:11 | Create | Villager (Male) |
| 33:11 | Create | Villager (Male) |
| 33:40 | Build | Farm |
| 33:41 | Build | Farm |
| 33:41 | Build | Farm |
| 34:32 | Build | Farm |
| 34:40 | Create | Trade Cart |
| 34:40 | Create | Trade Cart |
| 34:52 | Build | Farm |
| 34:53 | Build | Farm |
| 34:54 | Build | Farm |
| 34:57 | Build | Farm |
| 35:00 | Build | Farm |
| 35:02 | Build | Farm |
| 35:09 | Create | Villager (Male) |
| 35:10 | Create | Villager (Male) |
| 35:10 | Create | Villager (Male) |
| 35:10 | Create | Villager (Male) |
| 35:23 | Build | Market |
| 35:32 | Create | Villager (Male) ×5 |
| 35:32 | Create | Villager (Male) ×5 |
| 35:32 | Create | Villager (Male) ×5 |
| 35:39 | Create | Villager (Male) |
| 35:59 | Build | Castle |
| 36:15 | Create | Villager (Male) |
| 36:15 | Create | Villager (Male) |
| 36:15 | Create | Villager (Male) |
| 36:20 | Create | Villager (Male) |
| 36:20 | Create | Villager (Male) |
| 36:25 | Create | Villager (Male) |
| 36:25 | Create | Villager (Male) |
| 36:25 | Create | Villager (Male) |
| 36:26 | Create | Villager (Male) |
| 37:21 | Build | House |
| 37:22 | Build | House |
| 37:23 | Build | House |
| 37:25 | Build | House |
| 37:27 | Build | House |
| 37:28 | Build | House |
| 37:29 | Build | House |
| 37:30 | Build | House |
| 37:32 | Build | House |
Match timeline
| 0:57 | Juan Villegas · wall_segment Palisade Wall x23 |
| 1:15 | zug0 · wall_segment Palisade Wall x7 |
| 1:59 | Ous9121 · wall_segment Palisade Wall x8 |
| 2:02 | Miguel Angel · wall_segment Palisade Wall x10 |
| 2:07 | zug0 · wall_segment Palisade Wall x7 |
| 2:18 | Miguel Angel · wall_segment Palisade Wall x1 |
| 3:23 | Ous9121 · wall_segment Palisade Wall x13 |
| 3:52 | Ous9121 · wall_segment Palisade Wall x1 |
| 4:33 | Ous9121 · wall_segment Palisade Wall x1 |
| 4:49 | Ous9121 · wall_segment Palisade Wall x1 |
| 12:56 | Ous9121 · first_building Barracks |
| 13:11 | zug0 · wall_segment Palisade Wall x1 |
| 13:45 | zug0 · age_up feudal |
| 14:34 | Ous9121 · first_building Stable |
| 14:52 | Miguel Angel · wall_segment Palisade Wall x1 |
| 15:05 | zug0 · wall_segment Stone Wall x10 |
| 15:23 | zug0 · wall_segment Stone Wall x10 |
| 15:30 | Juan Villegas · age_up feudal |
| 15:55 | Miguel Angel · age_up feudal |
| 17:05 | Miguel Angel · wall_segment Palisade Wall x1 |
| 17:08 | Miguel Angel · wall_segment Palisade Wall x1 |
| 18:12 | zug0 · age_up castle |
| 20:46 | zug0 · first_building Castle |
| 21:04 | zug0 · wall_segment Stone Wall x12 |
| 21:05 | Juan Villegas · age_up castle |
| 21:23 | zug0 · first_building Barracks |
| 21:48 | Miguel Angel · age_up castle |
| 22:11 | Miguel Angel · first_market_buy 100 wood |
| 22:25 | Miguel Angel · first_market_sell 100 food |
| 22:49 | Juan Villegas · first_building Barracks |
| 22:53 | Miguel Angel · first_building Castle |
| 23:17 | Miguel Angel · wall_segment Palisade Wall x1 |
| 23:54 | Ous9121 · wall_segment Palisade Wall x1 |
| 24:04 | Ous9121 · wall_segment Stone Wall x1 |
| 24:20 | Juan Villegas · first_building Archery Range |
| 25:31 | Juan Villegas · wall_segment Stone Wall x1 |
| 25:39 | Juan Villegas · wall_segment Stone Wall x24 |
| 25:47 | Ous9121 · first_building Siege Workshop |
| 26:00 | Miguel Angel · first_building Barracks |
| 26:59 | Miguel Angel · first_building Stable |
| 27:12 | zug0 · first_building Monastery |
| 28:18 | Miguel Angel · first_building Siege Workshop |
| 28:30 | Juan Villegas · first_building Siege Workshop |
| 28:31 | zug0 · first_building Archery Range |
| 29:18 | zug0 · first_building Siege Workshop |
| 29:21 | Juan Villegas · first_building Castle |
| 29:52 | Ous9121 · wall_segment Stone Wall x7 |
| 29:54 | Ous9121 · wall_segment Stone Wall x4 |
| 30:40 | Ous9121 · wall_segment Stone Wall x5 |
| 31:54 | zug0 · age_up imperial |
| 31:57 | Ous9121 · wall_segment Stone Wall x8 |
| 32:07 | Ous9121 · wall_segment Stone Wall x4 |
| 33:24 | Juan Villegas · first_building Stable |
| 34:56 | Juan Villegas · age_up imperial |
| 35:59 | Ous9121 · first_building Castle |
| 36:27 | Miguel Angel · age_up imperial |
| 39:47 | Ous9121 · first_building Archery Range |
| 39:57 | Juan Villegas · first_building Monastery |
| 41:34 | zug0 · tribute_sent a jugador 1 |
| 41:34 | zug0 · tribute_sent a jugador 3 |
| 41:34 | zug0 · tribute_sent a jugador 4 |
| 42:50 | Ous9121 · first_market_sell 500 food |
| 44:49 | Ous9121 · first_building Monastery |
| 48:06 | zug0 · first_building Stable |
| 49:12 | Ous9121 · wall_segment Stone Wall x3 |
| 53:20 | Juan Villegas · first_market_buy 100 stone |
| 54:10 | Ous9121 · wall_segment Stone Wall x1 |
| 58:08 | Ous9121 · first_market_buy 100 food |
| 59:26 | Ous9121 · tribute_sent a jugador 1 |
| 59:26 | Ous9121 · tribute_sent a jugador 2 |
| 59:26 | Ous9121 · tribute_sent a jugador 3 |
| 61:27 | zug0 · resign |
[ AI ANALYSIS · 1 CREDIT ]
What really happened in this match?
Wolo.gg analyzes every decision: build order, eco, micro, common mistakes by bracket. Personalized analysis on WhatsApp or Discord in 30 seconds.
Civ guide
Britons
Perfil
Jugador #17763142